 Dungeon Crawl Stone Soup version 0.23-a0-87-g5f73bc1 (webtiles) character file.

52 digijack the Charmwright (level 3, -3/18 HPs)
             Began as a Spriggan Skald on Aug 14, 2018.
             Killed from afar by Natasha (10 damage)
             ... with a magic dart
             ... on level 3 of the Dungeon.
             The game lasted 00:15:33 (2088 turns).

digijack the Charmwright (Spriggan Skald)           Turns: 2088, Time: 00:15:37

Health: -3/18      AC:  2    Str:  6 (7)  XL:     3   Next: 60%
Magic:  0/8        EV: 19    Int: 13 (15) God:
Gold:   109        SH:  0    Dex: 15      Spells: 2/8 levels left

rFire    . . .     SeeInvis +   a - +2 short sword
rCold    . . .     Gourm    .   (shield restricted)
rNeg     . . .     Faith    .   b - +0 robe
rPois    .         Spirit   .   (helmet restricted)
rElec    .         Reflect  .   (no cloak)
rCorr    .         Harm     .   (gloves unavailable)
MR       .....                  (boots unavailable)
Stlth    ++........             g - amulet of the acrobat
HPRegen  1.06/turn              (no ring)
MPRegen  0.11/turn              (no ring)

@: shrouded (expiring), infused, regenerating, slowed, quick
A: very small, unfitting armour, see invisible, herbivore, speed 3, slow
metabolism 2
a: no special abilities


You were on level 3 of the Dungeon.
You were not hungry.

You visited 1 branch of the dungeon, and saw 3 of its levels.

You collected 109 gold pieces.

Inventory:

Hand Weapons
 a - a +2 short sword (weapon)
Missiles
 e - 90 stones (quivered)
Armour
 b - a +0 robe (worn)
Jewellery
 g - an amulet of the acrobat (around neck)
Scrolls
 c - 3 scrolls of remove curse
 h - 6 scrolls of identify
Potions
 f - 2 potions of haste
Comestibles
 d - 4 rations


   Skills:
 - Level 1.5 Fighting
 + Level 2.8 Short Blades
 + Level 4.2 Dodging
 + Level 2.2 Stealth
 + Level 3.2 Spellcasting
 + Level 4.9 Charms


You had 2 spell levels left.
You knew the following spells:

 Your Spells              Type           Power        Failure   Level  Hunger
a - Infusion              Chrm           ###.         3%          1    #......
b - Shroud of Golubria    Chrm/Tloc      #.........   12%         2    ##.....
c - Regeneration          Chrm/Necr      #.........   24%         3    ###....

Your spell library contained the following spells:

 Spells                   Type           Power        Failure   Level  Hunger
 Song of Slaying          Chrm           ###.....     4%          2    ##.....
 Spectral Weapon          Hex/Chrm       #.......     24%         3    ###....


Dungeon Overview and Level Annotations

Branches:
Dungeon (3/15)

Altars:

Annotations:
D:3 Natasha


Innate Abilities, Weirdness & Mutations

You are very small and have problems with some larger weapons.
You are too small for most types of armour.
You have supernaturally acute eyesight. (SInv)
You are a herbivore.
You cover ground extremely quickly.
You need to consume almost no food.


Message History

You miss Natasha.
Natasha is heavily wounded.
Natasha closely misses you. The crimson imp hits you.
Natasha stares at you and mumbles some strange words.
The magic dart hits you!
Ouch! That really hurt!
* * * LOW HITPOINT WARNING * * *
The crimson imp shouts, "Quit, thou warped wibble-sucking fizzle-flop!"
Casting: Shroud of Golubria (safe; 12% risk of failure)
Confirm with . or Enter, or press ? or * to list all spells.
Your skin crawls.
Your shroud begins to fray at the edges.
The crimson imp misses you. Natasha misses you.
You hit Natasha.
Natasha is almost dead.
The crimson imp blinks!
Natasha casts a spell at you. The magic dart hits you!
Ouch! That really hurt!
You die... ########### #<5@h5..... ###########

You could see Natasha and 2 crimson imps.

Vanquished Creatures
  An ooze (D:2)
  A worm (D:2)
  3 dart slugs (D:1)
  A leopard gecko (D:1)
  5 bats
  2 giant cockroaches
  4 goblins
  4 hobgoblins
  3 jackals (D:1)
  2 kobolds
  4 frilled lizards
  6 rats
36 creatures vanquished.

Notes
Turn   | Place    | Note
-------+----------+-------------------------------------------
     0 | D:1      | digijack the Spriggan Skald began the quest for the Orb.
     0 | D:1      | Reached XP level 1. HP: 10/10 MP: 5/5
   408 | D:1      | Reached skill level 1 in Stealth
   461 | D:1      | Reached XP level 2. HP: 14/14 MP: 2/6
   919 | D:1      | Reached XP level 3. HP: 15/18 MP: 2/8
   976 | D:1      | Learned a level 2 spell: Shroud of Golubria
   980 | D:1      | Learned a level 3 spell: Regeneration
  1840 | D:2      | Noticed Natasha
  2088 | D:3      | Killed from afar by Natasha

Vault maps used:
D:1:      dpeg_arrival_renting, moated_statue, minmay_misc_feat_more_columns
D:2:      first_ration, uniq_natasha
D:3:      cheibrodos_helix_gallery, nicolae_overflow_crystal_walls,
          glass_columns_a, minmay_misc_feat_pillars

Skill      XL: |  1  2  3 |
---------------+----------+-----
Stealth        | 1 2 |  2.2
Spellcasting   | 3 |  3.2
Dodging        | 4 |  4.2
Fighting       | |  1.5
Short Blades   | |  2.8
Charms         | |  4.9

Action                   || total
-------------------------++-------
Melee: Short sword       ||   118
 Cast: Infusion          ||    17
       Regeneration      ||     1
       Shroud of Golubri ||     1
  Use: Scroll            ||     6
       Potion            ||     6
 Stab: Sleeping          ||     4
Armor: Robe              ||    11
Dodge: Dodged            ||    80

Table legend:
 A = Non-vault XP
 B = Vault XP
 C = Vault XP percentage of total XP
 D = Non-vault monster count
 E = Vault monster count
 F = Vault count percentage of total count
 G = Total turns spent on level
                 A         B        C        D         E       F
            +---------+---------+-------+---------+---------+-------
      Total |      75 |       0 |   0.0 |      36 |       0 |   0.0
            +---------+---------+-------+---------+---------+-------
        D:1 |      45 |       0 |   0.0 |      22 |       0 |   0.0
        D:2 |      30 |       0 |   0.0 |      14 |       0 |   0.0
            +---------+---------+-------+---------+---------+-------
